 BcadrenCrawl: Boulder Brew version 0.06-240-gf756cca71e (webtiles) character file.

Game seed: 15509292029753084743, levelgen mode: deterministic

81 gruber the Firebug (level 4, -4/21 HPs) Molten Gargoyle Fire Elementalist. Began on Aug 13, 2022. Slain by a crocodile (11 damage) ... on level 1 of the Dungeon. The game lasted 00:02:41 (791 turns).

gruber the Firebug (MGFE)                            Turns: 791, Time: 00:02:41

Health: -4/21      AC:  3    Str:  5    XL:     4 ^: 79
Magic:  1/8        EV: 13    Int: 16    God:
Gold:   76         SH:  0    Dex: 17    Spells: 1/8 levels left

rFire    + + +     Slash    +   (no weapon)
rCold    x x .     Pierce   .   (no weapon)
rNeg     + . .     Bludgeon +   a - +0 robe
rCorr    . . .     Vision   .   (no helmet)
rPois    ∞         Gourm    .   (no cloak)
rElec    +         Faith    .   (no gloves)
MR       .....     Spirit   .   (no boots)
HPRegen  0.17/turn Reflect  .   (no amulet)
MPRegen  0.18/turn Harm     .   (no ring)
Stlth    ++........             (no ring)

@: no status effects
A: torment immune, lava walking, breathe magma 1, fire resistance 3, negative
energy resistance 1, electricity resistance, unbreathing, petrification
resistance, cold vulnerability 2, rot immunity, core melding 2, artificial flesh
a: Breathe Magma


You were on level 1 of the Dungeon.
You were not hungry.

You visited 1 branch of the dungeon, and saw 2 of its levels.

You collected 76 gold pieces.

Inventory:

Shields
 d - a +0 buckler
Armour
 a - a +0 robe (worn)
Jewellery
 f - a cursed ring of stealth {(Curse: Slay-5)}
Scrolls
 e - 2 scrolls of teleportation
 g - 2 scrolls of magic mapping
 i - a scroll of bless item
 j - a scroll of enchantment
 k - a scroll of fog
Potions
 b - a potion of might
 h - a potion of curing
 l - a potion of brilliance
Comestibles
 c - 4 rations


   Skills:
 - Level 2.2 Dodging
 - Level 1.6 Stealth
 - Level 0.1 Unarmed Combat
 + Level 2.9 Spellcasting
 + Level 6.1 Fire Magic


You had one spell level left.
You knew the following spells:

 Your Spells              Type           Power        Failure   Level  Hunger
a - Foxfire Fire 22 (25) 1% 1 0-13 b - Searing Ray Fire 22 (50) 2% 2 33-73 c - Sticky Flame Fire/Pois      12 (100)     47%         4    153-253

Your spell library contained the following spells:

 Spells                   Type           Power        Failure   Level  Hunger
 Conjure Flame Fire 22 (100) 4% 3 73-133 Inner Flame Hex/Fire 12 (100) 16% 3 73-133 Fireball Fire           22 (200)     38%         5    273-433


Dungeon Overview and Level Annotations

Branches:
Dungeon (2/8)

Altars:


Innate Abilities, Weirdness & Mutations

You are resistant to torment.
You are not damaged by walking on lava.
You are immune to poison.
You can breathe lava.
You are almost immune to the effects of heat. (rF+++)
You resist negative energy. (rN+)
You are resistant to electric shocks. (rElec)
You can survive without breathing.
You are immune to petrification.
You are very vulnerable to cold. (rC--)
You are immune to rotting.
The molten core of your body molds to fit into any body armour perfectly. (1.5x Base AC and No Encumberance from Armour).
Your artificial form resists hard blunt hits and is difficult to cut into. (rBludgeoning+ , rSlashing+)


Message History

Unknown command.
Okay, then.
The crocodile is engulfed in a cloud of scalding steam (9)!
The crocodile bites you (14)!
Ouch! That really hurt!
You climb upwards.
There is a stone staircase leading down here.
Unknown command.
Unknown command.
Unknown command.
Unknown command.
Unknown command.
Unknown command.
Unknown command.
You aren't carrying any items that you can evoke.
Casting: Foxfire (safe; 1% risk of failure)
Confirm with . or Enter, or press ? or * to list all spells.
You conjure some foxfire!
The crocodile bites you (11)!
Ouch! That really hurt!
You die...

.#.###.####...#### .#.#
#......#....# .#.#
######...##.###### .#.#
#...........#
.#.########.##≈≈≈≈≈##.##
.#.#........##≈≈≈≈≈##..#
.#.#.######.≈≈.....≈≈≈.#
............≈≈.....≈≈..#
.#.....###......@*.≈≈..#
.#.###.# ##.≈≈..t*.≈≈..#
.#.# #.# #.≈≈.....≈≈≈.#
.#.###.# #.##≈≈.≈≈##..#
.#.....# #.##≈≈.≈≈##..#
####.######.].≈........#
#.....####.##÷#####.#
#.###.# #.....# #.# #.#
#.# #####.# #.#


You could see a crocodile.

Vanquished Creatures
  4 giant cockroaches
  An ooze (D:1)
  A dart slug (D:1)
  A goblin (D:1)
  4 hobgoblins (D:1)
  A ball python (D:1)
  3 bats (D:1)
  6 kobolds (D:1)
21 creatures vanquished.

Vanquished Creatures (others)
  2 ball pythons (D:1)
  61 foxfires
63 creatures vanquished.

Grand Total: 84 creatures vanquished

Notes
Turn   | Place    | Note
-------+----------+-------------------------------------------
     0 | D:1      | gruber the Molten Gargoyle Fire Elementalist began the
                  | quest for the Orb.
     0 | D:1      | Reached XP level 1. HP: 9/9 MP: 3/3
    34 | D:1      | Reached skill level 5 in Fire Magic
    34 | D:1      | Reached XP level 2. HP: 5/13 MP: 0/5
   118 | D:1      | Reached XP level 3. HP: 12/16 MP: 0/6
   384 | D:1      | Reached skill level 6 in Fire Magic
   772 | D:2      | Connectivity tunneler affected bcadren_sewer_center_circle.
   772 | D:2      | Connectivity tunneler affected bcadren_sewer_center_circle.
   776 | D:2      | Learned a level 2 spell: Searing Ray
   781 | D:2      | Learned a level 4 spell: Sticky Flame
   786 | D:2      | Reached XP level 4. HP: 21/21 MP: 2/8
   786 | D:2      | Noticed a crocodile
   791 | D:1      | Slain by a crocodile

Levels and vault maps discovered:
D:1:      minmay_arrival_doors, layout_loops_ring, cheibrodos_sewer_entry_sluice
D:2:      layout_sewer, bloody_trog, chequers_temple_overflow_minitemple,
          bcadren_sewer_center_circle, first_ration, okawaru_metal_pillars_1_2

Skill      XL: |  1  2  3 |
---------------+----------+-----
Fire Magic     | 5 6 |  6.1
Dodging        | |  2.2
Stealth        | |  1.6
Unarmed Combat | |  0.1
Spellcasting   | |  2.9

Action                   |  1- 3 |  4- 6 || total
-------------------------+-------+-------++-------
Melee: Unarmed           |    23 |       ||    23
 Cast: Foxfire           |    48 |     2 ||    50
 Abil: Breathe Magma     |     1 |       ||     1
Armor: Robe              |    11 |       ||    11
Dodge: Dodged            |     7 |       ||     7
